 Dungeon Crawl Stone Soup version 0.32-a0-136-gc02482bde3 (webtiles) character file.

Game seed: 16767893514943748082

141 zeratav the Sneak (level 5, -1/36 HPs)
             Began as an Octopode Shapeshifter on Feb 10, 2024.
             Slain by Grinder (4 damage)
             ... on level 3 of the Dungeon.
             The game lasted 00:02:26 (2146 turns).

zeratav the Sneak (Octopode Shapeshifter)           Turns: 2146, Time: 00:02:26

Health: -1/36      AC:  1    Str: 15    XL:     5   Next: 24%
Magic:  0/5        EV: 13    Int: 12    God:
Gold:   177        SH:  0    Dex: 12    Spells: 4/4 levels left

rFire   . .          .
                       - Unarmed
rCold   . . .        (no shield)
rNeg    . . .        (helmet currently unavailable)
rPois   .            e - amulet of guardian spirit
rElec   .            n - ring of willpower
rCorr   .            o - ring of willpower
SInv    .            (no ring)
Will    ++...        (no ring)
Stlth   ++++         (no ring)
HPRegen 0.26/turn    (no ring)
MPRegen 0.09/turn    (no ring)
                     (no ring)

%: guardian spirit
@: beast-form
A: beast (slay +1), almost no armour, amphibious, 8 rings, camouflage 1,
gelatinous body 1, (nimble swimmer 1), tentacles
a: Begin Untransformation


You were on level 3 of the Dungeon.
You were a hulking beast.
You visited 1 branch of the dungeon, and saw 3 of its levels.

You collected 177 gold pieces.


Innate Abilities, Weirdness & Mutations

You are a hulking beast.
Your limbs bulge with bestial killing power. (Slay +1)
You cannot wear most types of armour.
You are amphibious.
You can wear up to eight rings at the same time.
Your skin changes colour to match your surroundings (Stealth+).
Your rubbery body absorbs attacks. (AC +1, EV +1)
((You are camouflaged when in or above water. (Stealth+)))
You have tentacles for arms and can constrict up to eight enemies at once.


   Skills:
 + Level 3.3 Fighting
 - Level 2.0 Dodging
 - Level 5.0 Stealth
 - Level 3.0 Unarmed Combat
 - Level 3.0 Shapeshifting


You had 4 spell levels left.
You didn't know any spells.
Your spell library contained the following spells:

 Spells                   Type           Power      Damage    Failure   Level
 Call Imp                 Summ           0%         N/A       45%         2
 Sublimation of Blood     Necr           0%         N/A       45%         2
 Inner Flame              Hex/Fire       0%         N/A       69%         3
 Flame Wave               Conj/Fire      0%         2d4       97%         4
 Sticky Flame             Fire/Alch      0%         2d4       97%         4
 Summon Hydra             Summ           0%         N/A       100%        7

Inventory:

Missiles
 l - 10 poisoned darts (quivered) {throwing}
Jewellery
 e - an amulet of guardian spirit (around mantle)
   (You found it on level 1 of the Dungeon)
 n - a ring of willpower (left tentacle)
   (You found it on level 2 of the Dungeon)
 o - a ring of willpower (right tentacle)
   (You found it on level 2 of the Dungeon)
Talismans
 b - a beast talisman
 c - a flux talisman
Wands
 u - a wand of paralysis (6)
   (You found it on level 3 of the Dungeon)
Scrolls
 f - a scroll of fog {unknown}
 g - 2 scrolls of amnesia {unknown}
 h - a scroll of identify {unknown}
 i - a scroll of fear {unknown}
 m - 2 scrolls of teleportation {unknown}
 p - a scroll of revelation {unknown}
 r - a scroll of butterflies {unknown}
 v - a scroll of brand weapon {unknown}
 w - a scroll of enchant armour {unknown}
Potions
 a - a potion of lignification {!q}
 d - a potion of heal wounds {unknown}
 j - a potion of magic {unknown}
 k - a potion of mutation {unknown}
 q - a potion of degeneration {unknown}
 s - 2 potions of might {unknown}
 t - 2 potions of enlightenment {unknown}

Dungeon Overview and Level Annotations

Branches:
Dungeon (3/15) Zot: 15859

Altars:

Annotations:
D:3 Grinder

#)# #.# #....
#######.###.####...
#...##...##...(...#
#......#.##########
#...##...# #
##.####### # #.# #
#.# # #h# #
#.5((...# #
#######.# #
#.##########
#.#....)[...
#.#.######## #.#.#
#.#.########
#...........


You could see Grinder.


Message History

The kobold throws a poisoned dart.
The poisoned dart closely misses you.
The kobold hits you with a +0 short sword.
You see here a +0 robe.
HP[-3] MP[-1]
You take 3 damage, and now have 33/36 hp.
You lost 1 mp, and now have 4/5 mp.
You bludgeon the kobold!
You kill the kobold!
HP[+1] No target in view!
No target in view!
No target in view!
No target in view!
No target in view!
No target in view!
No target in view!
No target in view!
No target in view!
No target in view!
No target in view!
l - 13 poisoned darts {throwing} (gained 7)
Things that are here:
a +0 short sword {short}; a kobold corpse HP[+2] MP[+1]
Your hp is fully restored (36).
Your mp is fully restored (5).
You see here a +0 robe.
m - 2 scrolls labelled QEIFYJ OTHRI (gained 1)
You see here 5 stones {throwing}.
Found a stone staircase leading down.
Found an escape hatch in the floor.
No target in view!
You now have 165 gold pieces (gained 6).
There is an escape hatch in the floor here.
There is an escape hatch in the floor here.
t - 2 yellow potions (gained 1)
You enter the deep water.
You now have 177 gold pieces (gained 12).
You enter the deep water.
Found a stone staircase leading up.
You see here a +0 sling.
Grinder comes into view.
Grinder shouts!
Throw: 13 darts (poison) {throwing}
Press: ? - help, Q - select action, (/) - cycle Shift-Dir - straight line, f - Grinder
Aim: Grinder (52% to hit)
You throw a poisoned dart {throwing}.
The poisoned dart {throwing} hits Grinder.
Throw: 12 darts (poison) {throwing}
Press: ? - help, Q - select action, (/) - cycle Shift-Dir - straight line, f/p - Grinder
Aim: Grinder (52% to hit)
You throw a poisoned dart {throwing}.
The poisoned dart {throwing} hits Grinder.
Grinder gestures at you. You resist with almost no effort.
Throw: 11 darts (poison) {throwing}
Press: ? - help, Q - select action, (/) - cycle Shift-Dir - straight line, f/p - Grinder
Aim: Grinder (52% to hit)
You throw a poisoned dart {throwing}.
The poisoned dart {throwing} closely misses Grinder.
You tentacle-slap Grinder. You grab Grinder.
You constrict Grinder, but do no damage.
Grinder hits you.
You writhe in agony.
HP[-3]
You take 3 damage, and now have 33/36 hp.
You tentacle-slap Grinder but do no damage.
You constrict Grinder. Grinder hits you.
HP[-1]
You take 1 damage, and now have 32/36 hp.
You tentacle-slap Grinder. You constrict Grinder. Grinder hits you.
HP[-5] MP[-1]
You take 5 damage, and now have 27/36 hp.
You lost 1 mp, and now have 4/5 mp.
You tentacle-slap Grinder but do no damage.
You squeeze Grinder. You constrict Grinder. You tentacle-slap Grinder.
You constrict Grinder. Grinder gestures at you.
You suddenly lose the ability to move!
You lose your grip on Grinder.
Grinder hits you.
You writhe in agony.
Grinder hits you. Grinder hits you!
* * * LOW HITPOINT WARNING * * *
You writhe in agony.
* * * LOW HITPOINT WARNING * * *
You can move again.
HP[-18] MP[-2]
You take 18 damage, and now have 9/36 hp.
MASSIVE DAMAGE!! (PAUSE)
You lost 2 mp, and now have 2/5 mp.
You closely miss Grinder. Your grab misses Grinder.
Your squeeze misses Grinder. Grinder hits you.
* * * LOW HITPOINT WARNING * * *
HP[-1]
You take 1 damage, and now have 8/36 hp.
You barely miss Grinder. You grab Grinder. You constrict Grinder.
Grinder closely misses you.
You tentacle-slap Grinder. You constrict Grinder. Grinder hits you.
* * * LOW HITPOINT WARNING * * *
You writhe in agony.
You die...
Grinder says, "Hey, I wasn't done torturing you yet!"

Skill      XL: |  1  2  3  4  5 |
---------------+----------------+-----
Stealth        | 2 3 5 |  5.0
Fighting       | 2 3 |  3.3
Dodging        | |  2.0
Unarmed Combat | |  3.0
Shapeshifting  | |  3.0

Action                     |  1- 3 |  4- 6 || total
---------------------------+-------+-------++-------
  Melee: Unarmed           |    65 |    42 ||   107
         Constrict         |    21 |    11 ||    32
         Tentacles         |    11 |     7 ||    18
         Punch             |     6 |     1 ||     7
  Throw: Dart              |       |     3 ||     3
   Stab: Sleeping          |    15 |    12 ||    27
         Distracted        |       |     1 ||     1
 Armour: Skin              |    18 |    18 ||    36
  Dodge: Dodged            |    28 |    13 ||    41

Levels and vault maps discovered:
D:1:      amcnicky_arrival_blooded_trapdoor, layout_basic
D:2:      layout_loops_ring, minmay_surrounded, uniq_natasha
D:3:      layout_loops_ring, corexii_item_surrounded_by_moat,
          minmay_box_of_dots, uniq_grinder

Notes
Turn   | Place    | Note
-------+----------+-------------------------------------------
     0 | D:1      | zeratav the Octopode Shapeshifter began the quest for the
                  | Orb.
     0 | D:1      | Reached XP level 1. HP: 13/13 MP: 1/1
     0 | D:1      | magus.rc [v1.9.6]
    30 | D:1      | Reached skill level 1 in Stealth
   116 | D:1      | Reached skill level 2 in Stealth
   120 | D:1      | Reached XP level 2. HP: 18/18 MP: 2/2
   233 | D:1      | You pick up a book of Flames and begin reading...
   233 | D:1      | You add the spells Inner Flame, Sticky Flame and Flame Wave
                  | to your library.
   267 | D:1      | Reached skill level 3 in Stealth
   522 | D:1      | Reached XP level 3. HP: 23/23 MP: 3/3
   677 | D:1      | Reached skill level 4 in Stealth
   847 | D:2      | Reached skill level 5 in Stealth
   937 | D:2      | Reached XP level 4. HP: 20/28 MP: 4/4
  1087 | D:2      | Noticed Natasha
  1096 | D:2      | Killed Natasha
  1097 | D:2      | Reached skill level 2 in Fighting
  1294 | D:2      | You pick up a book of Blood and begin reading...
  1294 | D:2      | You add the spells Call Imp, Sublimation of Blood and
                  | Summon Hydra to your library.
  1332 | D:2      | Noticed Natasha
  1338 | D:2      | Killed Natasha
  1445 | D:2      | Reached XP level 5. HP: 28/36 MP: 3/5
  1672 | D:3      | Reached skill level 3 in Fighting
  2132 | D:3      | Noticed Grinder
  2140 | D:3      | Paralysed by Grinder for 3 turns
  2143 | D:3      | HP: 9/36 [Grinder (5)]
  2146 | D:3      | HP: 3/36 [Grinder (5)]
  2146 | D:3      | Slain by Grinder

Vanquished Creatures
  Natasha (twice) (D:2)
  2 adders
  A dart slug (D:2)
  2 ribbon worms (D:2)
  7 endoplasms
  3 giant cockroaches (D:1)
  6 goblins
  7 hobgoblins
  9 kobolds
  4 quokkas
  11 ball pythons
  5 bats
  2 rats (D:1)
61 creatures vanquished.

Table legend:
 A = Non-vault XP
 B = Vault XP
 C = Vault XP percentage of total XP
 D = Non-vault monster count
 E = Vault monster count
 F = Vault count percentage of total count
                 A         B        C        D         E       F
            +---------+---------+-------+---------+---------+-------
      Total |     147 |      55 |  27.2 |      50 |      11 |  18.0
            +---------+---------+-------+---------+---------+-------
        D:1 |      44 |       0 |   0.0 |      26 |       0 |   0.0
        D:2 |      74 |      50 |  40.3 |      14 |       8 |  36.4
        D:3 |      29 |       5 |  14.7 |      10 |       3 |  23.1
            +---------+---------+-------+---------+---------+-------

Skill      XL: |  1  2  3  4  5 |
---------------+----------------+-----
Stealth        | 2 3 5 |  5.0
Fighting       | 2 3 |  3.3
Dodging        | |  2.0
Unarmed Combat | |  3.0
Shapeshifting  | |  3.0

Action                     |  1- 3 |  4- 6 || total
---------------------------+-------+-------++-------
  Melee: Unarmed           |    65 |    42 ||   107
         Constrict         |    21 |    11 ||    32
         Tentacles         |    11 |     7 ||    18
         Punch             |     6 |     1 ||     7
  Throw: Dart              |       |     3 ||     3
   Stab: Sleeping          |    15 |    12 ||    27
         Distracted        |       |     1 ||     1
 Armour: Skin              |    18 |    18 ||    36
  Dodge: Dodged            |    28 |    13 ||    41

Illustrated notes

Table legend:
 A = Kills in this place as a percentage of kills in the entire game.
 B = Kills by you in this place as a percentage of kills by you in the entire game.
 C = Kills by friends in this place as a percentage of kills by friends in the entire game.
 D = Other kills in this place as a percentage of other kills in the entire game.
 E = Experience gained in this place as a percentage of experience gained in the entire game.
 F = Experience gained in this place divided by the number of levels of this place that you have seen.
                   A       B       C       D       E      F
               +-------+-------+-------+-------+-------+----------------------
         Total | 100.0 | 100.0 |   N/A |   N/A | 100.0 |  67.3
       Dungeon | 100.0 | 100.0 |   N/A |   N/A | 100.0 |  67.3
               +-------+-------+-------+-------+-------+----------------------

Table legend: (Time is in decaauts)
 A = Elapsed time spent in this place.
 B = Non-inter-level travel time spent in this place.
 C = Inter-level travel time spent in this place.
 D = Time resting spent in this place.
 E = Time spent auto-exploring this place.
 F = Levels seen in this place.
 G = Mean time per level.
                   A        B        C        D        E       F      G
               +--------+--------+--------+--------+--------+-----+--------+
         Total |   2139 |   2069 |     70 |      0 |   1712 |   3 |  713.0 |
       Dungeon |   2139 |   2069 |     70 |      0 |   1712 |   3 |  713.0 |
               +--------+--------+--------+--------+--------+-----+--------+

Top non-repeatable levels by time:
     D:2: 802 daAuts
     D:1: 790 daAuts
     D:3: 546 daAuts
